Map: Ley Lines

Players

rekrapxel - Winner!

  • Race: Terran Terran
  • League: Gold
  • Spawn Location: 7:00

ChillBroKnep

  • Race: Terran Terran
  • League: Gold
  • Spawn Location: 1:00

VOD

Have the link to the VOD?

Description

Time

  • Played on: July 7, 2025, 2:16 p.m.
  • Length: 5:16
Show
View Real Time Build Order
Export as new Build Order

rekrapxel Terran - Winner!

Build Orders: 1/1/1 

Get SALT Encoding   

  12  0:00  SCV  
  13  0:12  SCV  
  14  0:16  Supply Depot  
  14  0:24  SCV  
  15  0:38  SCV  
  15  0:39  Barracks  
  16  0:47  Refinery  
  16  0:50  SCV  
  16  0:53  Refinery  
  17  1:02  SCV  
  18  1:14  SCV  
  19  1:27  Orbital Command  
  19  1:28  Marine  
  20  1:36  Factory  
  20  1:46  Marine  
  20  1:47  Supply Depot  
  21  1:53  SCV  
  22  2:07  SCV  
  23  2:09  Marine  
  24  2:19  Armory  
  24  2:25  Factory Tech Lab, Starport  
  24  2:30  Supply Depot  
  24  2:33  Marine  
  25  2:44  SCV  
  26  2:57  SCV  
  27  3:06  Thor  
  27  3:08  Medivac  
  27  3:11  Supply Depot  
  35  3:18  SCV  
  36  3:25  Bunker  
  36  3:32  SCV, Engineering Bay  
  37  3:49  Thor  
  43  3:56  Medivac  
  45  4:09  Missile Turret  
  45  4:14  Missile Turret  
  45  4:15  Missile Turret  
Show
View Real Time Build Order
Export as new Build Order

ChillBroKnep Terran 

Build Orders: 1/1/1 

Get SALT Encoding   

  12  0:09  Supply Depot  
  12  0:16  Refinery  
  12  0:33  Barracks  
  12  0:40  SCV  
  13  0:52  SCV  
  14  1:04  SCV  
  15  1:16  SCV  
  16  1:22  Factory  
  16  1:28  Orbital Command  
  16  1:35  Refinery  
  16  1:53  SCV  
  17  2:05  SCV  
  17  2:06  Starport  
  18  2:18  SCV  
  18  2:19  Supply Depot  
  19  2:27  Factory Tech Lab  
  19  2:30  SCV  
  20  2:44  SCV, Fusion Core  
  20  2:50  Supply Depot  
  21  2:56  SCV  
  22  3:08  SCV, Marine  
  24  3:21  SCV  
  24  3:25  Supply Depot  
  24  3:26  Marine  
  26  3:31  Battlecruiser  
  26  3:33  SCV  
  33  3:39  Bunker  
  33  3:44  Marine  
  35  4:01  Bunker  
  35  4:02  Marine  
  33  4:19  Marine  
  30  4:57  Marine  
Tags
 
League
GoldGold
Matchup
TvT
Opening
1/1/11/1/1
Race
Terran
Spawn Locations
Cross Positions
Add a new tag
Caveats
  • Supply blocks, unpowered buildings, or Contaminate may cause inaccurate times.
  • Supply counts are checked every 10 seconds.